 Seeded DCSS version 0.31-a0-771-g505c3d19dc (webtiles) character file.

Game seed: 1 (custom seed)

46 Psyclone the Magician (level 3, 19/19 HPs)
             Began as a Deep Elf Ice Elementalist on Sept 16, 2023.
             Quit the game on level 1 of the Dungeon.
             The game lasted 00:02:55 (959 turns).

Psyclone the Magician (Deep Elf Ice Elementalist)    Turns: 959, Time: 00:02:56

Health: 19/19      AC:  3    Str:  5    XL:     3   Next: 44%
Magic:  11/11      EV: 12    Int: 21    God:
Gold:   88         SH:  0    Dex: 15    Spells: 11/12 levels left

rFire   . . .        a - +3 dagger (speed)
rCold   . . .        (no shield)
rNeg    . . .        c - +0 robe
rPois   +            d - +1 hat
rElec   .            (no cloak)
rCorr   .            (no gloves)
SInv    .            (no boots)
Will    .....        (no amulet)
Stlth   ++           (no ring)
HPRegen 0.23/turn    (no ring)
MPRegen 0.12/turn

%: no passive effects
@: about to teleport
A: hooves 1, horns 1, poison resistance
a: no special abilities


You were on level 1 of the Dungeon.
You visited 1 branch of the dungeon, and saw 2 of its levels.

You collected 88 gold pieces.

Inventory:

Hand Weapons
 a - a +3 dagger of speed (weapon)
Armour
 c - a +0 robe (worn)
 d - a +1 hat (worn)
Potions
 b - a potion of magic


   Skills:
 - Level 2.4 Dodging
 - Level 2.4 Stealth
 + Level 5.4 Spellcasting
 - Level 4.3 Ice Magic


You had 11 spell levels left.
You knew the following spells:

 Your Spells              Type           Power      Damage    Failure   Level
a - Freeze                Ice            96%        1d10      1%          1

Your spell library contained the following spells:

 Spells                   Type           Power      Damage    Failure   Level
 Frozen Ramparts          Ice            48%        1d8       5%          3
 Ozocubu's Armour         Ice            24%        N/A       5%          3
 Summon Ice Beast         Ice/Summ       14%        N/A       38%         4


Dungeon Overview and Level Annotations

Branches:
Dungeon (2/15) Zot: 11045

Altars:
Yredelemnul

Annotations:
D:1 exclusion: downstairs
D:2 Sigmund


Innate Abilities, Weirdness & Mutations

You have large cloven feet.
You have a pair of small horns on your head.
Your system is resistant to poisons. (rPois)


Message History

You now have 10/11 mp.
HP restored.
Magic restored.
You open the door.
There is an open door here.
Found a stone staircase leading down.
Health restored: 19; MP restored: 11 You now have 88 gold pieces (gained 10).
You open the door.
A bat is nearby!
A bat is nearby!
There is an open door here.
Found a dagger and a scroll labelled UBITRU ZEHE.
Found a longbow.
The helpless bat fails to defend itself.
You puncture the bat!
You kill the bat!
h - a scroll labelled UBITRU ZEHE You see here a +0 longbow.
You see here a +0 longbow.
There is an open door here.
You see here a bat skeleton.
There is a stone staircase leading down here.
Partly explored, can't reach some places.
Partly explored, can't reach some places.
You enter a teleport trap!
The teleport trap disappears.
Your surroundings suddenly seem different.
You see here 2 stones.
Done exploring.
As you read the scroll labelled ZARRYHUSHRE, it crumbles to dust.
The air around you briefly surges with heat, but it dissipates.
It was a scroll of immolation.
As you read the scroll labelled WUINOD ADGHU, it crumbles to dust.
You feel momentarily disoriented.
It was a scroll of revelation.
As you read the scroll labelled UBITRU ZEHE, it crumbles to dust.
You feel strangely unstable.
It was a scroll of teleportation.
It was a potion of mutation.
You feel extremely strange.
Your feet thicken and deform.
A pair of horns grows on your head!
You feel resistant to poisons.
Are you sure you want to abandon this character and quit the game? (Confirm with "yes".)

...##............##
...##..........#.#######
...#...........#.#######
..........######.#######
..........######.#######
..........######.#######
..........######.#######
..........######.#######
..........###...@#######
###.......######.#######
....############.#######
....# ###############
....# ###############
....# ###############
....# ###############
....# ###############
....#


There were no monsters in sight!

Vanquished Creatures
  An adder (D:2)
  A dart slug (D:1)
  3 ball pythons (D:1)
  7 bats (D:1)
  2 endoplasms (D:1)
  A giant cockroach (D:1)
  2 goblins (D:1)
  3 hobgoblins (D:1)
  3 jackals (D:1)
  3 kobolds (D:1)
  A quokka (D:1)
  A frilled lizard (D:1)
  2 rats (D:1)
30 creatures vanquished.

Notes
Turn   | Place    | Note
-------+----------+-------------------------------------------
     0 | D:1      | Psyclone the Deep Elf Ice Elementalist began the quest for
                  | the Orb.
     0 | D:1      | Reached XP level 1. HP: 10/10 MP: 6/6
    84 | D:1      | Reached skill level 4 in Spellcasting
    84 | D:1      | Reached XP level 2. HP: 14/15 MP: 3/9
   299 | D:1      | Found a faded altar of an unknown god.
   460 | D:1      | Reached XP level 3. HP: 19/19 MP: 11/11
   477 | D:1      | Reached skill level 5 in Spellcasting
   663 | D:1      | You fall into a shaft and drop 1 floor!
   664 | D:2      | Found a basalt altar of Yredelemnul.
   697 | D:2      | Noticed Sigmund
   958 | D:1      | Gained mutation: You have large cloven feet. [potion of
                  | mutation]
   958 | D:1      | Gained mutation: You have a pair of small horns on your
                  | head. [potion of mutation]
   958 | D:1      | Gained mutation: Your system is resistant to poisons.
                  | (rPois) [potion of mutation]
   959 | D:1      | Quit the game

Illustrated notes

Levels and vault maps discovered:
D:1:      zelgadis_glass_arrival_small, layout_basic,
          hellmonk_ecumenical_altar_prayer_group,
          chequers_serial_rivers_micro_e, minmay_3d_cube
D:2:      layout_loops_cross, basic_altar, hangedman_feature_mirror,
          dreamdust_princess_corridor, uniq_sigmund, uniq_crazy_yiuf_cottage

Skill      XL: |  1  2  3 |
---------------+----------+-----
Spellcasting   | 4 5 |  5.4
Dodging        | |  2.4
Stealth        | |  2.4
Ice Magic      | |  4.3

Action                     || total
---------------------------++-------
  Melee: Unarmed           ||     1
         Dagger            ||    11
         Short sword       ||     4
   Cast: Freeze            ||    26
    Use: Scroll            ||     3
         Potion            ||     1
   Stab: Sleeping          ||     5
 Armour: Robe              ||    17
  Dodge: Dodged            ||    25

Table legend: (Time is in decaauts)
 A = Elapsed time spent in this place.
 B = Non-inter-level travel time spent in this place.
 C = Inter-level travel time spent in this place.
 D = Time resting spent in this place.
 E = Time spent auto-exploring this place.
 F = Levels seen in this place.
 G = Mean time per level.
                   A        B        C        D        E       F      G
               +--------+--------+--------+--------+--------+-----+--------+
         Total |    954 |    954 |      0 |      0 |    741 |   2 |  477.0 |
       Dungeon |    954 |    954 |      0 |      0 |    741 |   2 |  477.0 |
               +--------+--------+--------+--------+--------+-----+--------+

Top non-repeatable levels by time:
     D:1: 889 daAuts
     D:2: 65 daAuts
